 Dungeon Crawl Stone Soup version 0.31-a0-1499-ge0622b2318 (webtiles) character file.

Game seed: 18280981077102909265

270 Fuzzly the Grave Robber (level 6, 0/32 HPs)
             Began as a Deep Elf Necromancer on Dec 30, 2023.
             Was an Elder of Jiyva.
             Succumbed to Eustachio's poison
             ... on level 5 of the Dungeon.
             The game lasted 00:12:40 (2217 turns).

Fuzzly the Grave Robber (Deep Elf Necromancer)      Turns: 2217, Time: 00:12:40

Health: 0/32       AC:  4    Str:  3    XL:     6   Next: 1%
Magic:  17/17      EV: 12    Int: 30    God:    Jiyva [****..]
Gold:   165        SH:  0    Dex: 13    Spells: 17/18 levels left

rFire   . . .        (no weapon)
rCold   . . .        (no shield)
rNeg    . . .        a - +0 robe
rPois   .            (no helmet)
rElec   .            (no cloak)
rCorr   +            (no gloves)
SInv    .            (no boots)
Will    .....        (no amulet)
Stlth   ++           (no ring)
HPRegen 1.53/turn    (no ring)
MPRegen 0.79/turn

%: no passive effects
@: lethally poisoned (0 -> -3), on berserk cooldown, slowed, very slow
A: iridescent scales 1, clever 2, jelly sensing items
a: Renounce Religion, Oozemancy, Slimify


You were on level 5 of the Dungeon.
You worshipped Jiyva.
Jiyva was greatly pleased with you.
You visited 1 branch of the dungeon, and saw 5 of its levels.

You collected 165 gold pieces.

Inventory:

Hand Weapons
 d - a +0 dagger
Armour
 a - a +0 robe (worn)
Scrolls
 c - 2 scrolls of teleportation {unknown}
 e - 2 scrolls of identify {unknown}
 h - a scroll of acquirement {unknown}
 j - a scroll of immolation {unknown}
 k - a scroll of silence {unknown}
 l - a scroll of poison {unknown}
Potions
 b - a potion of magic
 g - a potion of might (quivered) {unknown}
 i - a potion of curing {unknown}


   Skills:
 + Level 2.4 Dodging
 + Level 2.6 Stealth
 + Level 6.5 Spellcasting
 + Level 6.8 Necromancy


You had 17 spell levels left.
You knew the following spells:

 Your Spells              Type           Power      Damage    Failure   Level
a - Necrotise             Necr           100%       1d9       1%          1

Your spell library contained the following spells:

 Spells                   Type           Power      Damage    Failure   Level
 Vampiric Draining        Necr           50%        2d9       1%          3
 Animate Dead             Necr           50%        N/A       3%          4
 Magic Dart               Conj           36%        1d4       4%          1
 Blink                    Tloc           18%        N/A       8%          2
 Call Imp                 Summ           18%        N/A       8%          2
 Curse of Agony           Necr           50%        N/A       9%          5
 Hailstorm                Conj/Ice       9%         3d6       16%         3
 Summon Ice Beast         Ice/Summ       9%         N/A       16%         3
 Sculpt Simulacrum        Ice/Alch       4%         N/A       100%        6


Dungeon Overview and Level Annotations

Branches:
Dungeon (5/15)
 Temple: D:4-7

Altars:
Cheibriados
Nemelex Xobeh
Ru
Uskayaw
Wu Jian
Yredelemnul
Jiyva

Shops:
D:2 ?

Annotations:
D:5 Eustachio


Innate Abilities, Weirdness & Mutations

You are partially covered in iridescent scales. (AC +2)
Your mind is very acute. (Int +8, Str/Dex -2)
You have a small jelly attached to you that senses nearby items.


Message History

Press: ? - help, Q - select action, (/) - cycle Shift-Dir - straight line, f/p - Eustachio
Aim: Eustachio, wielding a +1 rapier of venom and wearing a +1 leather armour of poison resistance (lightly wounded, ally target, chance to affect: 83%) Eustachio barely resists.
You feel very sick.
Your orc priest skeleton misses Eustachio.
Eustachio hits you with a +1 rapier of venom.
You are lethally poisoned!
* * * LOW HITPOINT WARNING * * *
You feel extremely sick.
Your orc wizard skeleton hits Eustachio but does no damage.
Eustachio hits your orc priest skeleton with a +1 rapier of venom.
Your orc priest skeleton hits Eustachio but does no damage.
Your orc skeleton barely misses Eustachio.
It was a potion of berserk rage.
A red film seems to cover your vision as you go berserk!
You feel yourself moving faster!
You feel mighty!
* * * LOW HITPOINT WARNING * * *
You feel very sick.
Your orc wizard skeleton hits Eustachio.
Eustachio hits your orc priest skeleton with a +1 rapier of venom!
You feel a strong urge to attack something.
* * * LOW HITPOINT WARNING * * *
You feel sick.
Your orc skeleton closely misses Eustachio.
Your orc priest skeleton hits Eustachio.
* * * LOW HITPOINT WARNING * * *
You feel very sick.
Your orc wizard skeleton hits Eustachio but does no damage.
Eustachio mumbles some strange words.
You feel your anger nearly subside.
* * * LOW HITPOINT WARNING * * *
You feel sick.
Your orc skeleton closely misses Eustachio.
Your orc priest skeleton closely misses Eustachio.
You are too berserk!
Okay, then.
You are no longer berserk.
You are exhausted.
You feel yourself slow down.
You die...

#.# #.# #.### #...# #
###.# .# ####.# #####.# #
##.##.# #.....###
####...#.######...Z...##
'...............@Z@.....'
####...#.######.#Z5...###
# ##.##.# #)#.#.#.#
####.# #.#.#.# # #.#
#.....# #.# #.... . #.#
###.### #.# .# #.# .#


You could see Eustachio (ally target), an ufetubus (summoned), a friendly orc
skeleton, a friendly orc priest skeleton and a friendly orc wizard skeleton.

Vanquished Creatures
  A scorpion (D:5)
  A hound (D:4)
  An orc priest (D:5)
  An iguana (D:5)
  An orc wizard (D:5)
  Terence (D:3)
  3 adders
  A ribbon worm (D:4)
  8 orcs
  3 endoplasms (D:1)
  A giant cockroach (D:4)
  4 goblins
  3 hobgoblins
  A quokka (D:1)
  2 bats (D:2)
  A frilled lizard (D:3)
  5 kobolds
38 creatures vanquished.

Vanquished Creatures (collateral kills)
  A kobold (D:3)
  A rat (D:1)
2 creatures vanquished.

Vanquished Creatures (others)
  A howler monkey (D:5)
  3 jellies
  A bombardier beetle (D:3)
  An orc priest (D:3)
  A gnoll bouda (D:4)
  An iguana (D:5)
  2 orc wizards (D:3)
  3 adders
  7 orcs
  4 endoplasms
  A giant cockroach (D:3)
  A hobgoblin (D:4)
  4 kobolds (D:3)
  A quokka (D:4)
  A ball python (D:2)
32 creatures vanquished.

Grand Total: 72 creatures vanquished

Notes
Turn   | Place    | Note
-------+----------+-------------------------------------------
     0 | D:1      | Fuzzly the Deep Elf Necromancer began the quest for the
                  | Orb.
     0 | D:1      | Reached XP level 1. HP: 10/10 MP: 6/6
    26 | D:1      | Reached skill level 5 in Necromancy
   108 | D:1      | Reached XP level 2. HP: 7/15 MP: 2/8
   243 | D:1      | Found a faded altar of an unknown god.
   432 | D:1      | Prayed at the altar of an unknown god.
   432 | D:1      | Became a worshipper of Jiyva Jagotegh the Shapeless
   432 | D:1      | Reached * piety under Jiyva
   872 | D:2      | Reached ** piety under Jiyva
   928 | D:2      | Found Mecitt's Magic Scroll Emporium.
  1172 | D:3      | Reached XP level 3. HP: 19/19 MP: 8/10
  1274 | D:3      | Found an ornate altar of the Wu Jian Council.
  1274 | D:3      | Found a snail-covered altar of Cheibriados.
  1274 | D:3      | Found a hide-covered altar of Uskayaw.
  1274 | D:3      | Found a basalt altar of Yredelemnul.
  1274 | D:3      | Found a sparkling altar of Nemelex Xobeh.
  1274 | D:3      | Found a sparkling altar of Nemelex Xobeh.
  1343 | D:3      | Noticed Terence
  1350 | D:3      | Killed Terence
  1351 | D:3      | Reached XP level 4. HP: 24/24 MP: 8/12
  1679 | D:4      | Reached *** piety under Jiyva
  1725 | D:4      | Reached skill level 5 in Spellcasting
  1747 | D:4      | Gained mutation: You have a small jelly attached to you
                  | that senses nearby items. [Jiyva's grace]
  1747 | D:4      | Gained mutation: Your mind is acute. (Int +4, Str/Dex -1)
                  | [Jiyva's grace]
  1747 | D:4      | Gained mutation: Your mind is very acute. (Int +8, Str/Dex
                  | -2) [Jiyva's grace]
  1747 | D:4      | Gained mutation: You are partially covered in iridescent
                  | scales. (AC +2) [Jiyva's grace]
  1803 | D:4      | Found a basalt altar of Yredelemnul.
  1831 | D:4      | Found a sacrificial altar of Ru.
  1916 | D:4      | Noticed a phantom
  1935 | D:5      | Entered Level 5 of the Dungeon
  1963 | D:5      | Noticed a scorpion
  1970 | D:5      | Killed a scorpion
  1971 | D:5      | Reached XP level 5. HP: 28/28 MP: 13/15
  2183 | D:5      | Reached **** piety under Jiyva
  2203 | D:5      | Reached XP level 6. HP: 32/32 MP: 14/17
  2207 | D:5      | Noticed Eustachio
  2215 | D:5      | HP: 2/48 [poisoned by Eustachio]
  2217 | D:5      | Succumbed to Eustachio's poison

Illustrated notes

Levels and vault maps discovered:
D:1:      dpeg_arrival_tiny_j, layout_loops_ring, basic_ecumenical_altar
D:2:      layout_basic, serial_shops, nicolae_shop_rolled_up
D:3:      cheibrodos_fertilizer, layout_basic, uniq_terence
D:4:      kennysheep_spiral_hall, layout_cave_pools,
          mainiacjoe_overflow_two_lobes
D:5:      layout_loops_corners, kennysheep_little_box,
          nicolae_ossuary_entry_catacombs, uniq_menkaure, uniq_eustachio

Skill      XL: |  1  2  3  4  5 |
---------------+----------------+-----
Necromancy     | 5 6 |  6.8
Spellcasting   | 4 5 6 |  6.5
Dodging        | |  2.4
Stealth        | |  2.6

Action                     |  1- 3 |  4- 6 || total
---------------------------+-------+-------++-------
  Melee: Unarmed           |     1 |     2 ||     3
   Cast: Necrotise         |    47 |    55 ||   102
    Use: Potion            |       |     1 ||     1
 Armour: Robe              |     2 |    15 ||    17
  Dodge: Dodged            |     4 |     9 ||    13

Table legend: (Time is in decaauts)
 A = Elapsed time spent in this place.
 B = Non-inter-level travel time spent in this place.
 C = Inter-level travel time spent in this place.
 D = Time resting spent in this place.
 E = Time spent auto-exploring this place.
 F = Levels seen in this place.
 G = Mean time per level.
                   A        B        C        D        E       F      G
               +--------+--------+--------+--------+--------+-----+--------+
         Total |   2214 |   1723 |    491 |      0 |   1440 |   5 |  442.8 |
       Dungeon |   2214 |   1723 |    491 |      0 |   1440 |   5 |  442.8 |
               +--------+--------+--------+--------+--------+-----+--------+

Top non-repeatable levels by time:
     D:2: 569 daAuts
     D:1: 562 daAuts
     D:3: 542 daAuts
     D:5: 280 daAuts
     D:4: 259 daAuts
